 Dungeon Crawl Stone Soup version 0.18-a0-1800-gdc7a371 (webtiles) character file.

168241 MrRokkomies the Warrior (level 18, 0/120 HPs)
             Began as a Kobold Hunter on Apr 23, 2016.
             Was the Champion of Lugonu.
             Slain by an eight-headed hydra (5 damage)
             ... on level 3 of the Swamp on Apr 24, 2016.
             The game lasted 03:08:23 (50370 turns).

MrRokkomies the Warrior (Kobold Hunter)            Turns: 50370, Time: 03:08:25

Health: 0/120      AC: 14    Str: 15    XL:     18   Next: 57%
Magic:  27/27      EV: 24    Int: 12    God:    Lugonu [******]
Gold:   1381       SH:  0    Dex: 17    Spells: 2 memorised, 14 levels left

rFire  . . .     SeeInvis .     b - +2 arbalest (freeze)
rCold  + + +     Gourm    .     N - +1 leather armour "Enyps" {rC+ MR+}
rNeg   . . .     Faith    +     (shield currently unavailable)
rPois  +         Spirit   .     g - +0 helmet
rElec  .         Dismiss  .     U - +2 cloak {rC+}
rCorr  .         Reflect  .     V - +2 pair of gloves {rC+}
SustAt .         Harm     .     (no boots)
MR     ++...                    S - amulet of faith
Stlth  ++........               s - ring of poison resistance
                                m - +2 ring of protection

@: repel missiles, very resistant to hostile enchantments, unstealthy
A: carnivore 3
a: Depart the Abyss, Bend Space, Banish, Corrupt, Enter the Abyss, Renounce
Religion


You were on level 3 of the Swamp.
You worshipped Lugonu.
Lugonu was exalted by your worship.
You were not hungry.

You visited 4 branches of the dungeon, and saw 29 of its levels.
You also visited: Ossuary, Bailey and Ice Cave.

You collected 2561 gold pieces.
You spent 1180 gold pieces at shops.

Inventory:

Hand Weapons
 a - a +4 lajatang of distortion
 b - a +2 arbalest of freezing (weapon)
Missiles
 c - 55 poisoned needles
 d - 93 bolts (quivered)
 l - 5 throwing nets
Armour
 g - a +0 helmet (worn)
 N - the +1 leather armour "Enyps" (worn) {rC+ MR+}
   (You found it on level 5 of the Lair of Beasts)

   It protects you from cold.
   It affects your resistance to hostile enchantments.
 U - a +2 cloak of cold resistance (worn)
 V - a +2 pair of gloves of cold resistance (worn)
 Y - a swamp dragon hide
Rods
 v - a -1 rod of shadows (12/12)
   (You bought it in a shop on level 2 of the Orcish Mines)
Jewellery
 i - an uncursed ring of flight
 m - a +2 ring of protection (left hand)
 n - an uncursed ring of protection from magic
 q - an uncursed ring of ice
 r - an uncursed ring of protection from fire
 s - a ring of poison resistance (right hand)
 M - a +6 ring of dexterity
 S - an amulet of faith (around neck)
Wands
 h - a wand of teleportation (7/9)
 p - a wand of heal wounds (4/9)
 u - a wand of paralysis (2/24)
 y - a wand of lightning (8/15)
 z - a wand of disintegration (18/24)
 F - a wand of flame (23/48)
 I - a wand of polymorph (9/24)
 J - a wand of paralysis (13/24)
 K - a wand of acid (5/15)
 L - a wand of teleportation (5/9)
 T - a wand of enslavement (9/24)
 W - a wand of digging (18/24)
 Z - a wand of polymorph (12/24)
Scrolls
 e - a scroll of fear
 w - 2 scrolls of recharging
 x - 10 scrolls of teleportation
 C - 2 scrolls of immolation
 O - 5 scrolls of identify
 Q - a scroll of remove curse
 X - a scroll of fog
Potions
 k - 5 potions of cancellation
 o - 2 potions of resistance
 t - 6 potions of might
 A - 5 potions of flight
 B - a potion of berserk rage
 D - 9 potions of curing
 E - 2 potions of agility
 G - a potion of invisibility
 H - a potion of heal wounds
Miscellaneous
 P - a sack of spiders
Comestibles
 f - 13 meat rations
 j - 5 beef jerkies
 R - 4 royal jellies


   Skills:
 - Level 16.0 Fighting
 - Level 14.0 Staves
 - Level 16.0 Crossbows
 - Level 6.3 Armour
 - Level 12.7 Dodging
 - Level 1.3 Stealth
 - Level 3.0 Charms
 - Level 5.0 Summonings
 - Level 4.2 Air Magic
 * Level 10.5 Invocations
 * Level 13.1 Evocations


You had 14 spell levels left.
You knew the following spells:

 Your Spells              Type           Power        Failure   Level  Hunger
a - Repel Missiles        Chrm/Air       #.....       14%         2    ###....
b - Summon Butterflies    Summ           ##......     6%          1    ##.....


Dungeon Overview and Level Annotations

Branches:
Dungeon (15/15)            Temple (0/1) D:7            Lair (8/8) D:8
  Swamp (4/4) Lair:6        Snake (0/4) Lair:3        Slime (0/6) Lair:8
    Orc (2/2) D:12            Elf (0/3) Orc:2        Vaults (0/5) D:14
 Depths (0/5) D:15

Altars:
Elyvilon
Gozag
Makhleb
Nemelex Xobeh
Pakellas
Sif Muna
Trog
Vehumet
Xom
Zin
The Shining One
Beogh
Lugonu

Shops:
D:9 :   D:13 *   Orc:2 %([}

Portals:
Hell: Lair:8
Trove: D:14 (show abyssal rune of Zot)

Annotations:
Abyss:1 Agnes, Aizul, Frances, Maud, Maurice, Nessos, Sonja


Innate Abilities, Weirdness & Mutations

You are small and have problems with some larger weapons.
You are carnivorous and can eat meat at any time.


Message History

* * * LOW HITPOINT WARNING * * *
Read which item? (? for menu, Esc to quit)
Okay, then.
Drink which item? (? for menu, Esc to quit)
Okay, then.
Unknown command.
Drink which item? (? for menu, Esc to quit)
You feel much better. The eight-headed hydra bites you!
* * * LOW HITPOINT WARNING * * *
The eight-headed hydra bites you but does no damage.
The eight-headed hydra completely misses you.
The eight-headed hydra bites you!
* * * LOW HITPOINT WARNING * * *
The eight-headed hydra bites you.
* * * LOW HITPOINT WARNING * * *
The eight-headed hydra bites you but does no damage.
The eight-headed hydra bites you!
* * * LOW HITPOINT WARNING * * *
The eight-headed hydra bites you.
You die...

≈≈≈≈.77777≈≈77 77777777.≈≈≈≈
..≈≈.≈77≈..≈.77 777≈.≈777≈≈≈≈≈.
§≈≈....≈..≈≈.≈7 7.......≈≈≈≈≈.≈
≈≈.≈<.≈≈.≈≈≈≈77 777..≈≈...≈≈≈≈§..
≈≈≈77.≈≈..7777 77..77.≈(≈≈≈≈≈≈≈≈≈
≈.77777777.777 7....7≈≈≈≈≈≈..7777
...777777≈..≈777.≈§(..≈≈≈≈..777..
7≈77.≈.≈....≈.7Dw≈≈.§..≈≈..≈7 7≈≈
7777.≈≈.≈≈..≈.7≈@.≈.≈.≈...777 7.≈
≈≈77.≈≈....≈≈≈.777.≈77≈7..§7777≈≈
≈≈77....7≈.≈≈≈.≈≈)77777≈7.77...≈≈
≈777...§77.≈≈≈.≈≈≈77 777777...≈≈
77 7≈≈≈777≈.≈≈≈≈≈.≈7 7777..
7777777777≈.≈≈≈≈.≈77 77777..77≈
77.≈77777.≈≈≈≈≈§.77 7≈≈.≈≈≈≈..
7..≈.7..77≈≈≈≈≈≈≈7 777≈≈≈≈≈≈7
≈.....≈≈...≈≈≈≈≈≈77 7.≈≈≈.77


You could see an eight-headed hydra and a giant leech.

Vanquished Creatures
  Rupert (D:13)
  A thorn hunter (Swamp:4)
  An orc warlord (Bailey)
  A dire elephant (Lair:8)
  7 vault guards (D:14)
  9 hydras
  A ghost crab (Swamp:2)
  A catoblepas (Lair:3)
  4 centaur warriors
  7 alligators
  An ogre mage (D:14)
  A sun demon (Lair:8)
  2 wizards
  2 unseen horrors
  A shambling mangrove (Swamp:4)
  A spriggan druid (Swamp:4)
  7 hill giants
  3 swamp dragons
  A wolf spider zombie (D:14)
  15 ugly things
  5 orc knights
  5 deep elf magi (D:14)
  2 wolf spiders
  2 orc sorcerers (Orc:2)
  A griffon (Lair:8)
  A salamander (D:15)
  3 cyclopes
  A sixfirhy (Lair:8)
  2 manticores
  3 black mambas
  2 ice statues (IceCv)
  A torpor snail (Lair:8)
  15 elephants
  3 naga magi (D:13)
  19 spiny frogs
  5 orange demons (Lair:8)
  A kobold demonologist (D:15)
  3 rime drakes
  11 komodo dragons
  2 red devils (Lair:8)
  11 trolls
  12 ice devils
  9 giant leeches
  3 two-headed ogres
  21 slime creatures
  6 polar bears
  24 blink frogs
  A boulder beetle (Lair:6)
  A centaur simulacrum (D:15)
  4 spriggans
  A shadow (D:12)
  3 wyverns
  A vampire (D:15)
  A wraith (D:15)
  5 humans (D:9)
  65 yaks
  4 basilisks
  14 vampire mosquitoes
  9 hippogriffs
  A hungry ghost (D:15)
  A steam dragon (D:9)
  17 insubstantial wisps
  5 nagas (Lair:3)
  2 wargs (Orc:2)
  17 swamp worms
  25 water moccasins
  37 orc warriors
  12 porcupines
  8 swamp drakes
  2 black bears
  7 sky beasts
  3 ice beasts
  7 wasps
  3 phantoms
  12 wolves
  14 ogres
  23 centaurs
  21 crocodiles
  A big kobold (D:11)
  26 giant frogs
  2 wyvern zombies (Ossuary)
  3 wyvern skeletons
  5 scorpions
  7 killer bees
  12 wights
  2 electric eels
  A troll skeleton (D:12)
  2 spriggan skeletons (D:12)
  2 howler monkeys
  6 crimson imps
  2 giant frog zombies (Ossuary)
  12 bog bodies
  A wyvern simulacrum (D:11)
  5 centaur zombies (Ossuary)
  5 hounds
  8 jellies
  4 giant frog skeletons
  A gnoll shaman (D:4)
  24 orc priests
  27 orc wizards
  9 centaur skeletons
  13 iguanas
  2 hell rats (D:8)
  9 worker ants
  12 sheep
  2 hound zombies
  2 hound skeletons (D:4)
  4 mummies (Ossuary)
  Robin (D:4)
  A howler monkey zombie (D:7)
  4 worker ant zombies
  13 gnolls
  12 adders
  79 river rats
  11 shadow imps
  12 white imps
  7 ufetubi
  3 adder skeletons
  4 adder zombies
  2 dart slugs
  A giant gecko (D:5)
  98 orcs
  3 bats
  4 giant cockroaches
  27 goblins
  28 hobgoblins
  12 jackals
  3 quokkas
  A giant cockroach zombie (Ossuary)
  3 giant newts
  2 jackal zombies
  16 kobolds
  A quokka skeleton (D:8)
  A quokka zombie (Ossuary)
  11 rats
  A fungus (Lair:8)
  A plant (Lair:6)
1139 creatures vanquished.

Vanquished Creatures (collateral kills)
  A hydra (Swamp:2)
1 creature vanquished.

Vanquished Creatures (others)
  10 hydras
  A centaur warrior (D:14)
  An alligator (Swamp:3)
  A spriggan rider (Swamp:2)
  A fire crab (Lair:6)
  A hill giant (D:14)
  An orc knight (Orc:2)
  A deep elf mage (D:15)
  3 ugly things
  3 griffons
  A cyclops (D:12)
  4 elephants
  A spiny frog (Lair:1)
  2 komodo dragons
  An ice devil (IceCv)
  A spriggan druid (Lair:7)
  A polar bear (D:14)
  4 slime creatures
  A spriggan (Swamp:4)
  A shadow (Swamp:1)
  6 yaks
  3 basilisks
  A hippogriff (Lair:3)
  A steam dragon (D:14)
  2 insubstantial wisps
  3 swamp worms (Lair:6)
  3 vampire mosquitoes
  A naga (D:13)
  A water moccasin (Lair:8)
  3 swamp drakes
  10 orc warriors
  3 ogres
  2 centaurs
  A crocodile (Lair:8)
  A giant frog (Lair:7)
  A jelly (D:15)
  An orc wizard (Orc:2)
  2 sheep (Lair:6)
  2 white imps (IceCv)
  2 ufetubi (IceCv)
  2 orcs (Orc:2)
  29 fungi
  17 plants
137 creatures vanquished.

Grand Total: 1277 creatures vanquished

Notes
Turn   | Place    | Note
--------------------------------------------------------------
     0 | D:1      | MrRokkomies the Kobold Hunter began the quest for the Orb.
     0 | D:1      | Reached XP level 1. HP: 12/12 MP: 1/1
   136 | D:1      | Reached skill level 5 in Crossbows
   211 | D:1      | Reached XP level 2. HP: 18/18 MP: 2/2
   626 | D:2      | Reached XP level 3. HP: 15/22 MP: 3/3
   733 | D:2      | Found a faded altar to an unknown god.
   741 | D:2      | Became a worshipper of Lugonu the Unformed
   741 | D:2      | Reached * piety under Lugonu
   741 | D:2      | Reached ** piety under Lugonu
  1446 | D:3      | Noticed an ogre
  1449 | D:3      | Killed an ogre
  1449 | D:3      | Reached XP level 4. HP: 29/29 MP: 4/4
  1449 | D:3      | Reached XP level 5. HP: 33/33 MP: 5/5
  2128 | D:3      | Found a white marble altar of Elyvilon.
  2526 | D:4      | Reached XP level 6. HP: 39/39 MP: 6/6
  2779 | D:4      | Found a glowing golden altar of the Shining One.
  2787 | D:4      | Noticed Robin
  2808 | D:4      | Killed Robin
  2808 | D:4      | Reached skill level 1 in Staves
  2826 | D:4      | Reached *** piety under Lugonu
  2986 | D:4      | Got a brightly glowing mace
  2987 | D:4      | Identified the +8 mace "Jeme" {crush, rC+ MR- Stlth+} (You found it on level 4 of the Dungeon)
  3150 | D:4      | Reached skill level 1 in Invocations
  3249 | D:5      | Entered Level 5 of the Dungeon
  3411 | D:5      | Found a radiant altar of Vehumet.
  3619 | D:5      | Reached XP level 7. HP: 26/44 MP: 8/8
  4069 | D:5      | Found an oddly glowing altar of Pakellas.
  4572 | D:5      | Reached XP level 8. HP: 46/48 MP: 9/11
  4859 | D:6      | Found a glowing silver altar of Zin.
  4938 | D:6      | Reached **** piety under Lugonu
  4944 | D:6      | Reached skill level 5 in Invocations
  4977 | D:6      | Noticed an angel
  4980 | D:6      | Found a shimmering altar of Xom.
  5129 | D:6      | Found a sparkling altar of Nemelex Xobeh.
  5139 | D:6      | Reached skill level 5 in Staves
  5370 | D:6      | Reached XP level 9. HP: 22/52 MP: 13/13
  5977 | D:6      | Reached skill level 5 in Fighting
  6377 | D:6      | Found a deep blue altar of Sif Muna.
  6579 | D:7      | Reached skill level 1 in Armour
  6846 | D:7      | Found a staircase to the Ecumenical Temple.
  7083 | D:8      | Found a sand-covered staircase.
  7133 | Ossuary  | Entered an ossuary
  7426 | Ossuary  | Reached XP level 10. HP: 43/60 MP: 15/15
  7847 | Ossuary  | Reached ***** piety under Lugonu
  8104 | D:8      | Noticed Maurice
  8108 | D:8      | Noticed a spiny frog
  8110 | D:8      | Banished Maurice
  8569 | D:8      | Found a staircase to the Lair.
  8582 | D:8      | Killed a spiny frog
  9131 | Lair:1   | Entered Level 1 of the Lair of Beasts
  9611 | Lair:1   | Reached skill level 5 in Armour
  9679 | Lair:1   | Noticed a komodo dragon
  9692 | Lair:1   | Killed a komodo dragon
 10122 | Lair:1   | Noticed a komodo dragon
 10128 | Lair:1   | Banished a komodo dragon
 10131 | Lair:1   | Noticed a spiny frog
 10132 | Lair:1   | Banished a spiny frog
 10163 | Lair:1   | Identified Sif Muna's Volume of the Birds
 10167 | Lair:1   | Learned a level 2 spell: Repel Missiles
 10373 | Lair:1   | Reached XP level 11. HP: 53/64 MP: 16/16
 11546 | Lair:2   | Reached skill level 10 in Staves
 12805 | Lair:3   | Noticed Sonja
 12806 | Lair:3   | Banished Sonja
 13325 | Lair:3   | Found a staircase to the Snake Pit.
 14184 | D:9      | Reached skill level 10 in Crossbows
 14350 | D:8      | Reached XP level 12. HP: 19/75 MP: 17/17
 14635 | D:9      | Found Taqipp's Book Emporium.
 14898 | D:10     | Entered Level 10 of the Dungeon
 15117 | D:10     | Found a flagged portal.
 15136 | Bailey   | Entered a bailey
 15792 | Bailey   | Noticed an orc warlord
 15798 | Bailey   | Reached ****** piety under Lugonu
 15798 | Bailey   | Reached skill level 5 in Dodging
 15805 | Bailey   | Killed an orc warlord
 15929 | Bailey   | Got an ichor-stained falchion
 16056 | D:10     | Reached skill level 10 in Fighting
 16079 | D:10     | Reached skill level 1 in Charms
 17490 | D:11     | Reached skill level 1 in Air Magic
 17557 | D:11     | Reached XP level 13. HP: 39/82 MP: 18/18
 18453 | D:11     | You fall through a shaft!
 19022 | D:12     | Noticed a centaur warrior
 19035 | D:12     | Killed a centaur warrior
 19757 | D:12     | Found a staircase to the Orcish Mines.
 19833 | D:12     | Noticed a centaur warrior
 19845 | D:12     | Killed a centaur warrior
 20138 | D:12     | Reached XP level 14. HP: 93/95 MP: 19/19
 21658 | Lair:3   | Reached skill level 10 in Dodging
 22351 | Lair:4   | Reached skill level 15 in Fighting
 24023 | Lair:5   | Reached XP level 15. HP: 95/104 MP: 21/21
 24476 | Lair:5   | Identified a glowing lajatang (a lajatang corrupted by Lugonu)
 24476 | Lair:5   | Received a gift from Lugonu
 24532 | Lair:5   | Gained mutation: You can translocate small distances at will. [potion of beneficial mutation]
 24543 | Lair:5   | Found a deep blue altar of Sif Muna.
 24633 | Lair:5   | Noticed Maud
 24654 | Lair:5   | Got a smoking leather armour
 24681 | Lair:5   | Banished Maud
 25952 | Lair:6   | Learned a level 1 spell: Summon Butterflies
 26490 | Lair:6   | Reached skill level 10 in Invocations
 26523 | Lair:6   | Reached skill level 1 in Summonings
 27186 | Lair:6   | Found a staircase to the Swamp.
 28892 | Lair:7   | Reached skill level 5 in Summonings
 29131 | Lair:7   | Identified the cursed +1 leather armour "Enyps" {rC+ MR+} (You found it on level 5 of the Lair of Beasts)
 29550 | Lair:8   | Entered Level 8 of the Lair of Beasts
 29573 | Lair:8   | Found a staircase to the Slime Pits.
 29847 | Lair:8   | Noticed Nessos
 29847 | Lair:8   | Banished Nessos
 30319 | Lair:8   | Reached XP level 16. HP: 69/110 MP: 23/23
 30581 | Lair:8   | Found a burning altar of Makhleb.
 32855 | Lair:8   | Found a gateway to Hell.
 33243 | Orc:1    | Entered Level 1 of the Orcish Mines
 33347 | Orc:2    | Entered Level 2 of the Orcish Mines
 33569 | Orc:2    | Found a roughly hewn altar of Beogh.
 33665 | Orc:2    | Found a roughly hewn altar of Beogh.
 34358 | Orc:2    | Found Gaiqanty's Antique Armour Boutique.
 34359 | Orc:2    | Found a roughly hewn altar of Beogh.
 34373 | Orc:2    | Found Aceofun's Antique Weapon Shop.
 34915 | Orc:2    | Found a staircase to the Elven Halls.
 34916 | Orc:2    | Found a bloodstained altar of Trog.
 35025 | Orc:2    | Found a roughly hewn altar of Beogh.
 35325 | Orc:2    | Found a roughly hewn altar of Beogh.
 35544 | Orc:2    | Found Nauqua's Food Shop.
 35970 | Orc:2    | Found a roughly hewn altar of Beogh.
 35970 | Orc:2    | Found Sateeq's Gadget Shop.
 36002 | Orc:2    | Bought a -1 rod of shadows (12/12) for 880 gold pieces
 36535 | D:13     | Reached skill level 1 in Evocations
 36555 | D:13     | Noticed Rupert
 36568 | D:13     | Killed Rupert
 36858 | D:13     | Found Kexirgh's Serpentskin Sales.
 36915 | D:13     | Bought an uncursed ring of poison resistance for 300 gold pieces
 37898 | D:14     | Found a frozen archway.
 37944 | IceCv    | Entered an ice cave
 38798 | IceCv    | Reached skill level 5 in Evocations
 39681 | D:14     | Reached XP level 17. HP: 62/115 MP: 24/24
 39922 | D:14     | Found a gate to the Vaults.
 41219 | D:14     | Found a portal to a secret trove of treasure.
 41504 | D:14     | Found an opulent altar of Gozag.
 41828 | D:15     | Entered Level 15 of the Dungeon
 42285 | D:15     | Found a glowing golden altar of the Shining One.
 42459 | D:15     | Found a staircase to the Depths.
 42504 | D:15     | Noticed Agnes
 43239 | D:15     | Banished Agnes
 43775 | D:14     | Upgraded the game from 0.18-a0-1799-g6250cb2 to 0.18-a0-1800-gdc7a371
 43872 | D:14     | Reached skill level 10 in Evocations
 45289 | Swamp:1  | Entered Level 1 of the Swamp
 45935 | Swamp:1  | Reached skill level 15 in Crossbows
 46279 | Swamp:1  | Reached XP level 18. HP: 90/120 MP: 26/26
 47323 | Swamp:2  | Noticed Aizul
 47336 | Swamp:2  | Banished Aizul
 47485 | Swamp:2  | Found a burning altar of Makhleb.
 47501 | Swamp:2  | Noticed Frances
 47504 | Swamp:2  | Banished Frances
 49507 | Swamp:3  | Lost mutation: You can translocate small distances at will. [potion of cure mutation]
 49878 | Swamp:4  | Entered Level 4 of the Swamp
 50369 | Swamp:3  | HP: 4/120 [giant leech (23)]
 50370 | Swamp:3  | Slain by an eight-headed hydra

Vault maps used:
D:1:      mrwooster_arrival_statue
D:2:      ecumenical_altar_2
D:3:      wad_lake_hut, nicolae_overflow_hidden_temple, first_bread
D:4:      lemuel_crystal_altar, uniq_robin
D:5:      lemuel_coloured_pillars_altar, grunt_pakellas_basics
D:6:      grunt_temple_overflow_order_and_chaos_1,
          nemelex_xobeh_ov_fountains_minmay, lemuel_blue_sif_altar,
          kennysheep_generic_room_6
D:7:      minmay_temple_entry_statues_fountains
D:8:      dpeg_lair_monsters, nicolae_ossuary_entry_ruins, uniq_maurice
D:9:      serial_shops, shop_statue, minmay_ruffians
D:10:     enter_bailey_2
D:11:     serial_ice, serial_ice_a, serial_ice_d, serial_ice_i, serial_ice_c
D:12:     orc_0_dummy, minmay_item_behind_shaft, hangedman_tell_no_tales
D:13:     minmay_isolated_rectangles_in_corner, guppyfry_shop_venom, uniq_rupert
D:14:     erik_vaults_2, portal_ice_cave_entry_animals_and_master,
          enter_trove_5, nicolae_gozag_cash_rules_everything_around_me
D:15:     hangedman_depths_entry_try_elsewhere_first, minmay_misc_feat_plants,
          kennysheep_flooded_box, hex_tiny, uniq_agnes
Lair:1:   cheibrodos_lair_caveside_slide
Lair:3:   minmay_snake_entry_guardpost_medium, infiniplex_staircase_pool,
          uniq_sonja
Lair:4:   beast_lair_carwin_11
Lair:5:   lemuel_centaur_altar, serial_bayou_shore_a, grunt_megastairs_3,
          lemuel_fruit_fields, uniq_maud
Lair:6:   nicolae_swamp_entry_splash_gauntlet, pond
Lair:7:   kilobyte_rumbling_trees
Lair:8:   evil_forest, minmay_slime_entry_pillars, hibernation_bobbens,
          infiniplex_staircase_pool_2, uniq_nessos
Swamp:1:  evilmike_swamp_ruin_rubble_2
Swamp:2:  basic_altar, uniq_aizul, uniq_frances
Swamp:3:  evilmike_swamp_ruin_house_3, swamp_pool1
Swamp:4:  swamp, swamp_pool2
Orc:2:    grunt_orc_community_town_hall, grunt_orc_community_big_house_2,
          grunt_orc_community_big_house_1, grunt_orc_community_house_3,
          grunt_orc_community_house_3, grunt_orc_community_house_2,
          grunt_orc_community_house_1, basic_altar
Ossuary:  ossuary_zaba_flooded
Bailey:   bailey_axe_minmay_hex_keep, bailey
IceCv:    ice_cave_small_demon

Skill      XL: |  1  2  3  4  5  6  7  8  9 10 11 12 13 14 15 16 17 18 |
---------------+-------------------------------------------------------+-----
Crossbows      | 5 6 7 10 12 13 15 16 | 16.0
Fighting       | 4 5 8 10 13 15 16 | 16.0
Staves         | 2 3 5 7 9 10 12 13 14 | 14.0
Invocations    | 2 4 6 7 8 10 | 10.5
Armour         | 2 5 6 |  6.3
Dodging        | 8 9 10 12 | 12.7
Charms         | 3 |  3.0
Air Magic      | 2 4 |  4.2
Summonings     | 5 |  5.0
Evocations     | 5 11 13 | 13.1
Stealth        | |  1.3

Action                   |  1- 3 |  4- 6 |  7- 9 | 10-12 | 13-15 | 16-18 || total
-------------------------+-------+-------+-------+-------+-------+-------++-------
Melee: Short sword       |    21 |       |       |       |       |       ||    21
       Dagger            |    64 |    27 |       |       |       |       ||    91
       Quarterstaff      |       |    36 |       |    22 |   366 |       ||   424
       Mace              |       |    20 |   205 |   815 |    73 |       ||  1113
       Lajatang          |       |       |       |       |   453 |  1802 ||  2255
 Fire: Hand crossbow     |     2 |    32 |   127 |   296 |   278 |   124 ||   859
       Arbalest          |       |       |       |       |       |   203 ||   203
Throw: Throwing net      |       |       |       |     2 |     1 |       ||     3
 Cast: Repel Missiles    |       |       |       |       |     4 |     6 ||    10
Invok: Banish            |       |       |     4 |    15 |    11 |    25 ||    55
       Bend Space        |       |       |       |     6 |     3 |       ||     9
       Brand Weapon With |       |       |       |       |     1 |       ||     1
Evoke: Wand              |       |       |     1 |     5 |     8 |     2 ||    16
       Rod               |       |       |       |       |       |     4 ||     4
  Use: Scroll            |     3 |     8 |     6 |    14 |     9 |    15 ||    55
       Potion            |     2 |     1 |     1 |     5 |     4 |     4 ||    17
 Stab: Sleeping          |     7 |     3 |       |     6 |     2 |     2 ||    20
       Paralysed         |       |       |       |     6 |       |       ||     6
       Distracted        |       |       |       |     2 |       |     5 ||     7
  Eat: Chunk             |     1 |     8 |    14 |    30 |    42 |    68 ||   163
       Pizza             |       |       |     1 |       |       |       ||     1
       Meat ration       |       |       |       |     1 |       |     2 ||     3
       Beef jerky        |       |       |       |     1 |       |       ||     1
Armor: Leather armour    |    21 |    20 |    33 |       |     6 |   228 ||   308
       Skin              |    18 |     5 |       |       |       |       ||    23
       Scale mail        |       |       |    24 |   340 |   220 |       ||   584
Dodge: Dodged            |    85 |    74 |   183 |   679 |   931 |  1504 ||  3456
       Deflected         |       |       |       |       |    10 |    17 ||    27
